 Dungeon Crawl Stone Soup version 0.31-a0-1522-g43313d8a59 (webtiles) character file.

Game seed: 11449641191311171982

50 Curundu the Trooper (level 3, -3/34 HPs)
             Began as a Minotaur Berserker on Dec 31, 2023.
             Was a Believer of Trog.
             Slain by a gnoll
             ... wielding a +0 spear
              (6 damage)
             ... on level 2 of the Dungeon.
             The game lasted 00:02:49 (966 turns).

Curundu the Trooper (Minotaur Berserker)             Turns: 966, Time: 00:02:49

Health: -3/34      AC:  2    Str: 23    XL:     3   Next: 55%
Magic:  2/2        EV: 12    Int:  4    God:    Trog [**....]
Gold:   75         SH:  0    Dex:  9    Spells: 2/2 levels left

rFire   . . .        a - +0 spear
rCold   . . .        (no shield)
rNeg    . . .        b - +0 animal skin
rPois   .            (helmet restricted)
rElec   .            (no cloak)
rCorr   .            (no gloves)
SInv    .            (no boots)
Will    .....        (no amulet)
Stlth   +            (no ring)
HPRegen 0.25/turn    (no ring)
MPRegen 0.08/turn

%: no passive effects
@: no status effects
A: horns 2, retaliatory headbutt
a: Renounce Religion, Berserk, Trog's Hand


You were on level 2 of the Dungeon.
You worshipped Trog.
Trog was pleased with you.
You visited 1 branch of the dungeon, and saw 2 of its levels.

You collected 75 gold pieces.

Inventory:

Hand Weapons
 a - a +0 spear (weapon)
Armour
 b - a +0 animal skin (worn)
Scrolls
 d - 3 scrolls of identify {unknown}
 e - a scroll of summoning {unknown}
 f - 2 scrolls of amnesia {unknown}
 h - a scroll of teleportation {unknown}
 i - a scroll of poison {unknown}
 j - a scroll of enchant armour {unknown}
 l - a scroll of silence {unknown}
Potions
 c - a potion of curing {unknown}
 g - a potion of might {unknown}
 k - a potion of berserk rage {unknown}
 m - 2 potions of brilliance {unknown}


   Skills:
 + Level 4.4 Fighting
 + Level 4.2 Polearms
 + Level 2.8 Armour
 + Level 2.8 Dodging


You had 2 spell levels left.
You didn't know any spells.
Your spell library was empty.

Dungeon Overview and Level Annotations

Branches:
Dungeon (2/15)

Altars:


Innate Abilities, Weirdness & Mutations

You have a pair of horns on your head.
You reflexively headbutt those who attack you in melee.


Message History

You furiously retaliate!
You headbutt the gnoll.
The gnoll hits you from afar with a +0 spear.
You hit the gnoll.
The gnoll is severely wounded.
The gnoll barely misses you. x2
You hit the gnoll.
You kill the gnoll!
Trog accepts your kill. The gnoll barely misses you.
The gnoll hits you from afar with a +0 spear.
The gnoll hits you with a +0 spear.
Things that are here:
a +0 club; a gnoll corpse You hit the gnoll.
The gnoll is lightly wounded.
The gnoll closely misses you. The gnoll hits you with a +0 spear.
You closely miss the gnoll.
The gnoll is lightly wounded.
You hit the gnoll.
The gnoll is heavily wounded.
The gnoll hits you with a +0 spear. The gnoll hits you but does no damage.
You hit the gnoll but do no damage.
The gnoll is heavily wounded.
The gnoll hits you with a +0 spear. The gnoll misses you.
You barely miss the gnoll.
The gnoll is heavily wounded.
The gnoll closely misses you. x2
You hit the gnoll but do no damage.
The gnoll is heavily wounded.
The gnoll hits you with a +0 spear.
* * * LOW HITPOINT WARNING * * *
The gnoll hits you from afar with a +0 spear.
* * * LOW HITPOINT WARNING * * *
You closely miss the gnoll.
The gnoll is heavily wounded.
The gnoll hits you but does no damage. The gnoll barely misses you.
You hit the gnoll but do no damage.
The gnoll is heavily wounded.
The gnoll hits you with a +0 spear.
You die...

#..........###.........#
#...........##........<#
#..)........#####..#####
#...........###...##
######..###.....#g#
##.####.##...# #......###..#
###..#####g.# ###
#.....@gg.########
..##########[.####|........##
#....<............†##.......#
#############.###...#########
#...#....## ##
###.#.##..######## .#######
#...###........# .......###
#..## ########## ...###...#
##..###


You could see 3 gnolls.

Vanquished Creatures
  A gnoll (D:2)
  A dart slug (D:1)
  2 ribbon worms (D:2)
  4 ball pythons
  A giant cockroach (D:2)
  3 goblins (D:1)
  4 hobgoblins
  5 kobolds
  4 quokkas
  A bat (D:1)
  2 frilled lizards
  6 rats
34 creatures vanquished.

Notes
Turn   | Place    | Note
-------+----------+-------------------------------------------
     0 | D:1      | Curundu the Minotaur Berserker began the quest for the Orb.
     0 | D:1      | Reached XP level 1. HP: 19/19 MP: 0/0
    93 | D:1      | Found a faded altar of an unknown god.
    98 | D:1      | Reached XP level 2. HP: 24/27 MP: 1/1
   636 | D:2      | Reached XP level 3. HP: 30/33 MP: 2/2
   643 | D:2      | Reached ** piety under Trog
   966 | D:2      | Slain by a gnoll

Illustrated notes

Levels and vault maps discovered:
D:1:      lemuel_arrival_rhombus, layout_rooms,
          hellmonk_ecumenical_altar_pennies_from_heaven, serial_bayou_lake_a
D:2:      layout_rooms

Skill      XL: |  1  2 |
---------------+-------+-----
Fighting       | 4 |  4.4
Polearms       | 4 |  4.2
Armour         | |  2.8
Dodging        | |  2.8

Action                     || total
---------------------------++-------
  Melee: Spear             ||   102
         Headbutt          ||    11
         Punch             ||     1
 Armour: Animal skin       ||    55
  Dodge: Dodged            ||    57

Table legend: (Time is in decaauts)
 A = Elapsed time spent in this place.
 B = Non-inter-level travel time spent in this place.
 C = Inter-level travel time spent in this place.
 D = Time resting spent in this place.
 E = Time spent auto-exploring this place.
 F = Levels seen in this place.
 G = Mean time per level.
                   A        B        C        D        E       F      G
               +--------+--------+--------+--------+--------+-----+--------+
         Total |    982 |    982 |      0 |      0 |    710 |   2 |  491.0 |
       Dungeon |    982 |    982 |      0 |      0 |    710 |   2 |  491.0 |
               +--------+--------+--------+--------+--------+-----+--------+

Top non-repeatable levels by time:
     D:1: 643 daAuts
     D:2: 339 daAuts
